 Dungeon Crawl Stone Soup version 0.20.1-1-g8b1a95d (webtiles) character file.

1437 Irenicus the Martial Artist (level 8, 0/52 HPs)
             Began as an Octopode Chaos Knight on Oct 17, 2017.
             Slain by a sky beast (6 damage)
             ... on level 5 of the Dungeon.
             The game lasted 00:09:15 (3494 turns).

Irenicus the Martial Artist (Octopode Chaos Knight) Turns: 3494, Time: 00:09:17

Health: 0/52       AC:  1    Str: 11    XL:     8   Next: 74%
Magic:  8/8        EV: 14    Int: 12    God:    Xom [...*..]
Gold:   274        SH:  0    Dex: 14    Spells: 7/7 levels left

rFire    + . .     SeeInvis .     - Unarmed
rCold    x . .     Gourm    .   (no shield)
rNeg     . . .     Faith    .   (helmet restricted)
rPois    .         Spirit   .   g - amulet of magic regeneration
rElec    .         Reflect  .   f - ring of fire
rCorr    .         Harm     .   (no ring)
MR       .....                  (no ring)
Stlth    ++........             (no ring)
Regen    0.2/turn               (no ring)
MPRegen  0.2/turn               (no ring)
                                (no ring)
                                (no ring)

@: no status effects
A: almost no armour, stealthy swim, amphibious, 8 rings, constrict 8, camouflage
1, blurry vision 1, dopey 1, screaming 1, gelatinous body 1
a: Renounce Religion


You were on level 5 of the Dungeon.
You worshipped Xom.
You were a favourite toy of Xom.
You were not hungry.

You visited 1 branch of the dungeon, and saw 5 of its levels.

You collected 274 gold pieces.

Inventory:

Jewellery
 f - a ring of fire (left tentacle)
 g - an amulet of magic regeneration (around mantle)
Wands
 p - a wand of flame (24/48)
Scrolls
 c - 2 scrolls of blinking {unknown}
 i - 8 scrolls of identify {unknown}
 k - 2 scrolls of recharging {unknown}
 m - a scroll of amnesia {unknown}
 n - 2 scrolls of remove curse {unknown}
 o - 3 scrolls of teleportation {unknown}
 r - a scroll of random uselessness {unknown}
 s - a scroll of enchant armour {unknown}
Potions
 d - a potion of curing
 e - a potion of haste
 j - 3 potions of brilliance {unknown}
 q - 2 potions of heal wounds {unknown}
Comestibles
 a - 8 bread rations
 b - a chunk of flesh
 h - 3 meat rations
 l - 3 royal jellies


   Skills:
 - Level 3.0 Fighting
 - Level 2.3 Dodging
 + Level 10.8 Unarmed Combat


You had 7 spell levels left.
You didn't know any spells.

Dungeon Overview and Level Annotations

Branches:
Dungeon (5/15)
 Temple: D:4-7

Altars:
Ashenzari
Cheibriados
Dithmenos
Makhleb
Nemelex Xobeh
Vehumet
Xom

Annotations:
D:3 2 transporters
D:4 Schiappus's ghost, amateur TrBe


Innate Abilities, Weirdness & Mutations

You cannot wear most types of armour.
You are very stealthy in the water. (Stealth+)
You are amphibious.
You can wear up to eight rings at the same time.
You can use your tentacles to constrict eight enemies at once.
Your skin changes colour to match your surroundings (Stealth+).
Your rubbery body absorbs attacks. (AC +1, EV +1)
Scrolls take you a little longer to read.
You are dopey. (Int -2)
You occasionally shout uncontrollably at your foes.


Message History

You closely miss the sky beast.
You squeeze the sky beast, but do no damage.
The sky beast is heavily wounded.
The sky beast hits you.
* * * LOW HITPOINT WARNING * * *
The sky beast shocks you.
* * * LOW HITPOINT WARNING * * *
Okay, then.
Unknown command.
Put on which piece of jewellery? (? for menu, Esc to quit)
Okay, then.
You bludgeon the sky beast!
The sky beast is severely wounded.
The sky beast flickers out of sight!
Deactivating autopickup; reactivate with Ctrl-A.
Something hits you.
* * * LOW HITPOINT WARNING * * *
Something shocks you.
You die... "Huh?
Did I miss anything?"

### ##.#######
##........#
##..........
##............
##...@.........
######....{.....(...
.......(............
......#..............
.....................
.......................
#####........†.........
###................
##...............


There were no monsters in sight!

Vanquished Creatures
  Pikel (D:4)
  Sigmund (D:3)
  An ogre (D:4)
  A scorpion (D:4)
  A howler monkey (D:4)
  A crimson imp (D:3)
  A centaur zombie (D:4)
  2 hounds (D:5)
  Ijyb (D:3)
  An iguana (D:5)
  3 worker ants
  12 adders
  A howler monkey skeleton (D:4)
  2 oozes
  An adder zombie (D:5)
  3 worms
  2 dart slugs
  2 leopard geckos
  An orc (D:5)
  16 giant cockroaches
  11 goblins
  A hobgoblin (D:2)
  2 jackals (D:5)
  A quokka (D:2)
  3 ball pythons
  10 bats
  2 frilled lizards
  14 kobolds
  5 rats
103 creatures vanquished.

Vanquished Creatures (collateral kills)
  Prince Ribbit (D:5)
  A centaur skeleton (D:5)
2 creatures vanquished.

Vanquished Creatures (others)
  A centaur skeleton (D:5)
  An adder (D:4)
  A leopard gecko (D:4)
  A jackal skeleton (D:5)
4 creatures vanquished.

Grand Total: 109 creatures vanquished

Notes
Turn   | Place    | Note
-------+----------+-------------------------------------------
     0 | D:1      | Irenicus the Octopode Chaos Knight began the quest for the Orb.
     0 | D:1      | Reached XP level 1. HP: 16/16 MP: 1/1
    44 | D:1      | Reached XP level 2. HP: 11/21 MP: 2/2
   218 | D:1      | Reached skill level 4 in Unarmed Combat
   228 | D:1      | Reached XP level 3. HP: 13/26 MP: 3/3
   659 | D:2      | XOM: silly message
   728 | D:2      | XOM: harmless Necr miscast
   754 | D:2      | Reached XP level 4. HP: 27/31 MP: 4/4
   840 | D:2      | Found a snail-covered altar of Cheibriados.
  1078 | D:2      | Reached skill level 5 in Unarmed Combat
  1179 | D:2      | Found a shadowy altar of Dithmenos.
  1180 | D:2      | Found a radiant altar of Vehumet.
  1373 | D:3      | Reached XP level 5. HP: 33/36 MP: 5/5
  1493 | D:3      | Found a transporter.
  1496 | D:3      | Noticed a sky beast
  1496 | D:3      | Noticed a sky beast
  1509 | D:3      | Found a shattered altar of Ashenzari.
  1521 | D:3      | Found a transporter.
  1530 | D:3      | XOM: potion effect (brilliance)
  1558 | D:3      | Noticed Sigmund
  1588 | D:3      | XOM is BORED!
  1588 | D:3      | XOM: medium Tmut miscast
  1616 | D:3      | XOM: butterfly on damage
  1939 | D:3      | XOM: confuse monster(s)
  1947 | D:3      | Killed Sigmund
  1947 | D:3      | Reached skill level 7 in Unarmed Combat
  1947 | D:3      | Reached XP level 6. HP: 42/42 MP: 6/6
  2142 | D:3      | Found a shimmering altar of Xom.
  2335 | D:3      | Noticed Ijyb
  2345 | D:3      | Killed Ijyb
  2360 | D:3      | Found a sparkling altar of Nemelex Xobeh.
  2470 | D:4      | Reached XP level 7. HP: 21/46 MP: 7/7
  2525 | D:4      | Noticed Pikel
  2648 | D:4      | XOM: harmless Summ miscast
  2672 | D:4      | XOM: cast spell 'Call Canine Familiar'
  2682 | D:4      | Killed Pikel
  2682 | D:4      | Reached skill level 9 in Unarmed Combat
  2682 | D:4      | Reached XP level 8. HP: 46/52 MP: 8/8
  2767 | D:4      | XOM: harmless Chrm miscast
  2777 | D:4      | XOM: give mutations
  2777 | D:4      | Gained mutation: You occasionally shout uncontrollably at your foes. [Xom's mischief]
  2777 | D:4      | Gained mutation: Scrolls take you a little longer to read. [Xom's mischief]
  2777 | D:4      | Gained mutation: You are dopey. (Int -2) [Xom's mischief]
  2794 | D:4      | Noticed Schiappus's ghost (amateur TrBe)
  2992 | D:4      | XOM: god gift: robe {god gift}
  3072 | D:4      | Reached skill level 10 in Unarmed Combat
  3110 | D:5      | Entered Level 5 of the Dungeon
  3277 | D:5      | Noticed Prince Ribbit
  3281 | D:5      | XOM: summons 8 friendly demons
  3282 | D:5      | Killed Prince Ribbit
  3317 | D:5      | XOM: enchant monster (bad)
  3325 | D:5      | Found a burning altar of Makhleb.
  3376 | D:5      | XOM: destruction
  3377 | D:5      | XOM: enchant monster (good)
  3494 | D:5      | Slain by a sky beast

Skill      XL: |  1  2  3  4  5  6  7  8 |
---------------+-------------------------+-----
Unarmed Combat | 4 5 7 9 10 | 10.8
Fighting       | |  3.0
Dodging        | |  2.3

Action                   |  1- 3 |  4- 6 |  7- 9 || total
-------------------------+-------+-------+-------++-------
Melee: Unarmed           |    88 |   100 |    63 ||   251
       Constrict         |    25 |    24 |    13 ||    62
       Tentacles         |    14 |    18 |    15 ||    47
       Punch             |       |     1 |     4 ||     5
Evoke: Wand              |       |       |     2 ||     2
  Use: Potion            |       |     3 |       ||     3
       Scroll            |       |       |     1 ||     1
 Stab: Sleeping          |     2 |    14 |     5 ||    21
  Eat: Chunk             |       |     4 |     4 ||     8
Armor: Skin              |    14 |     5 |     1 ||    20
Dodge: Dodged            |    77 |    45 |    31 ||   153
